 Dungeon Crawl Stone Soup version 0.26.1-11-gd32895ea62 (webtiles) character file.

Game seed: 13604829106236376349

250 Zeld the Skirmisher (level 6, -12/44 HPs)
             Began as an Octopode Monk on May 17, 2021.
             Mangled by an iguana (14 damage)
             ... on level 4 of the Dungeon.
             The game lasted 00:05:08 (4139 turns).

Zeld the Skirmisher (Octopode Monk)                 Turns: 4139, Time: 00:05:09

Health: -12/44     AC:  1    Str: 12    XL:     6   Next: 13%
Magic:  18/18      EV: 15    Int: 12    God:
Gold:   209        SH:  0    Dex: 15    Spells: 9/9 levels left

rFire    . . .     SeeInvis .     - Unarmed
rCold    . . .     Faith    .   (no shield)
rNeg     . . .     Spirit   .   (helmet restricted)
rPois    +         Reflect  .   (no amulet)
rElec    .         Harm     .   a - ring of poison resistance
rCorr    +         Rampage  .   c - ring of wizardry
Will     .....                  m - ring of magical power
Stlth    +++.......             e - ring of resist corrosion
HPRegen  0.14/turn              (no ring)
MPRegen  0.16/turn              (no ring)
                                (no ring)
                                (no ring)

@: no status effects
A: almost no armour, stealthy swim, amphibious, 8 rings, constrict 8, camouflage
1, gelatinous body 1
a: no special abilities


You were on level 4 of the Dungeon.
You visited 1 branch of the dungeon, and saw 4 of its levels.

You collected 209 gold pieces.

Inventory:

Jewellery
 a - a ring of poison resistance (left tentacle)
 c - a ring of wizardry (right tentacle)
 e - a ring of resist corrosion (on tentacle)
 m - a ring of magical power (on tentacle)
Wands
 k - a wand of acid (17)
Scrolls
 g - 2 scrolls of enchant armour
 i - 4 scrolls of teleportation
 l - 2 scrolls of remove curse
 p - 2 scrolls of enchant weapon
Potions
 b - 2 potions of resistance
 d - 2 potions of haste
 f - 4 potions of curing
 h - a potion of berserk rage {unknown}
 j - a potion of cancellation
 o - 2 potions of flight {unknown}


   Skills:
 * Level 4.5 Fighting
 * Level 4.5 Dodging
 - Level 2.6 Stealth
 - Level 3.0 Unarmed Combat
 + Level 2.2 Spellcasting
 + Level 1.7 Evocations


You had 9 spell levels left.
You didn't know any spells.
Your spell library contained the following spells:

 Spells                   Type           Power        Failure   Level
 Beastly Appendage        Tmut           2%           11%         1
 Wereblood                Tmut           1%           16%         2
 Spider Form              Tmut/Pois      0%           32%         3
 Ice Form                 Ice/Tmut       1%           69%         4
 Blade Hands              Tmut           0%           95%         5


Dungeon Overview and Level Annotations

Branches:
Dungeon (4/15)
 Temple: D:4-7

Altars:
Gozag
Sif Muna

Annotations:
D:3 1 runed translucent door, wafflestompin's ghost, weakling SpEn


Innate Abilities, Weirdness & Mutations

You cannot wear most types of armour.
You are very stealthy in the water. (Stealth+)
You are amphibious.
You can wear up to eight rings at the same time.
You can use your tentacles to constrict eight enemies at once.
Your skin changes colour to match your surroundings (Stealth+).
Your rubbery body absorbs attacks. (AC +1, EV +1)


Message History

The orc hits you from afar with a +0 trident.
The orc priest hits you with a cursed -3 hand axe!
* * * LOW HITPOINT WARNING * * *
There is an open door, spattered with blood here.
Things that are here:
a +0 club; an orc corpse You tentacle-slap the iguana but do no damage.
Your grab misses the iguana. Your squeeze misses the iguana.
The orc hits you from afar with a +0 trident.
* * * LOW HITPOINT WARNING * * *
The iguana bites you.
* * * LOW HITPOINT WARNING * * *
You tentacle-slap the iguana but do no damage.
You grab the iguana. You squeeze the iguana.
The iguana is lightly wounded.
You constrict the iguana.
The orc hits you from afar with a +0 trident.
* * * LOW HITPOINT WARNING * * *
The iguana bites you!
You die...

.#.#.# .#.#.# .#.#.#
...#.# #..#.# #..#.#
##>#.# #######
...#.#############o......
...#.#..........@lo......
.[.......###.#####.......
...#.###.###.# .......
...#.......#'### .......
...#.#.........# .......
...#.#.........# #######
...#.+.........#
####.#.........#
#.#.........#


You could see an iguana, an orc priest and an orc.

Vanquished Creatures
  An ogre (D:4)
  An orc priest (D:4)
  5 adders
  An ufetubus (D:4)
  4 worms
  2 dart slugs
  A leopard gecko (D:4)
  6 orcs
  7 giant cockroaches
  9 goblins
  6 hobgoblins
  4 jackals (D:4)
  5 quokkas
  5 bats
  A kobold (D:2)
  A leopard gecko skeleton (D:2)
  5 rats
64 creatures vanquished.

Vanquished Creatures (others)
  2 withered plants (D:3)
2 creatures vanquished.

Grand Total: 66 creatures vanquished

Notes
Turn   | Place    | Note
-------+----------+-------------------------------------------
     0 | D:1      | Zeld the Octopode Monk began the quest for the Orb.
     0 | D:1      | Reached XP level 1. HP: 16/16 MP: 1/1
   185 | D:1      | Reached XP level 2. HP: 19/21 MP: 2/2
   424 | D:1      | Reached skill level 1 in Spellcasting
   683 | D:2      | Found an opulent altar of Gozag.
   730 | D:2      | Reached XP level 3. HP: 26/26 MP: 4/4
  2506 | D:3      | Reached XP level 4. HP: 33/33 MP: 6/6
  2758 | D:3      | Found a runed translucent door.
  2758 | D:3      | Noticed wafflestompin's ghost (weakling SpEn)
  3084 | D:4      | Noticed an ogre
  3086 | D:4      | Killed an ogre
  3087 | D:4      | Reached skill level 1 in Evocations
  3087 | D:4      | Reached XP level 5. HP: 37/37 MP: 8/8
  3631 | D:4      | Found a shimmering blue altar of Sif Muna.
  3864 | D:4      | Reached XP level 6. HP: 37/44 MP: 9/9
  4139 | D:4      | HP: 2/44 [orc/+0 trident (5)]
  4139 | D:4      | Mangled by an iguana

Illustrated notes

Levels and vault maps discovered:
D:1:      minmay_arrival_plants_in_alcoves, layout_basic
D:2:      layout_basic, grunt_gozag_statues
D:3:      layout_basic, gammafunk_ghost_grave
D:4:      layout_basic, lemuel_doored_altar

Skill      XL: |  1  2  3  4 |
---------------+-------------+-----
Spellcasting   | 1 2 |  2.2
Fighting       | 4 |  4.5
Dodging        | 4 |  4.5
Evocations     | 1 |  1.7
Stealth        | |  2.6
Unarmed Combat | |  3.0

Action                   |  1- 3 |  4- 6 || total
-------------------------+-------+-------++-------
Melee: Unarmed           |    92 |    63 ||   155
       Constrict         |    26 |    20 ||    46
       Tentacles         |    16 |    11 ||    27
       Punch             |       |     1 ||     1
Evoke: Wand              |       |     2 ||     2
  Use: Scroll            |     6 |     4 ||    10
 Stab: Sleeping          |    15 |     5 ||    20
Armor: Skin              |     7 |     2 ||     9
Dodge: Dodged            |    46 |    44 ||    90
